 Dungeon Crawl Stone Soup version 0.28-a0-29-g0adfcbbeba (webtiles) character file.

Game seed: 7937952999847304907

223 MirrMurr the Thrower (level 6, 0/50 HPs)
             Began as a Gnoll Hunter on July 27, 2021.
             Succumbed to an orc wizard's poison
             ... on level 3 of the Dungeon.
             The game lasted 00:07:13 (4296 turns).

MirrMurr the Thrower (Gnoll Hunter)                 Turns: 4296, Time: 00:07:14

Health: 0/50       AC:  4    Str: 12    XL:     6   Next: 0%
Magic:  8/8        EV: 13    Int: 12    God:
Gold:   158        SH:  0    Dex: 12    Spells: 8/8 levels left

rFire   . . .      SeeInvis .   a - +1 flail (protect)
rCold   . . .      Faith    .   (no shield)
rNeg    . . .      Spirit   .   b - +0 leather armour
rPois   .          Reflect  .   g - +0 helmet
rElec   .          Harm     .   n - scarf {repulsion}
rCorr   .          Rampage  .   (no gloves)
Will    .....                   (no boots)
Stlth   ++........              (no amulet)
HPRegen 0.16/turn               (no ring)
MPRegen 0.11/turn               (no ring)

@: lethally poisoned (0 -> -11), invisible, repel missiles
A: fangs 1, strong nose, distributed training
a: no special abilities


You were on level 3 of the Dungeon.
You visited 1 branch of the dungeon, and saw 3 of its levels.

You collected 158 gold pieces.

Inventory:

Hand Weapons
 a - a +1 flail of protection (weapon)
 s - a +0 club
 w - a +0 short sword
Missiles
 c - 6 javelins (quivered)
 d - 2 throwing nets
 e - 33 poisoned darts
 t - 3 curare-tipped darts
Armour
 b - a +0 leather armour (worn)
 g - a +0 helmet (worn)
 n - a scarf of repulsion (worn)
Wands
 v - a wand of flame (4)
Scrolls
 f - 5 scrolls of identify {unknown}
 k - a scroll of holy word {unknown}
 o - a scroll of noise {unknown}
 p - a scroll of immolation {unknown}
 q - 3 scrolls of summoning {unknown}
 u - a scroll of teleportation {unknown}
Potions
 h - a potion of invisibility
 i - a potion of mutation {unknown}
 j - 2 potions of lignification {unknown}
 l - a potion of cancellation {unknown}
 m - a potion of brilliance {unknown}
 r - a potion of attraction {unknown}


   Skills:
 + Level 4.9 Fighting
 + Level 1.7 Short Blades
 + Level 1.7 Long Blades
 + Level 1.7 Axes
 + Level 1.7 Maces & Flails
 + Level 1.7 Polearms
 + Level 1.7 Staves
 + Level 1.7 Slings
 + Level 1.7 Bows
 + Level 1.7 Crossbows
 + Level 8.7 Throwing
 + Level 1.7 Armour
 + Level 4.9 Dodging
 + Level 2.9 Stealth
 + Level 1.7 Shields
 + Level 1.7 Unarmed Combat
 + Level 1.7 Spellcasting
 + Level 1.3 Conjurations
 + Level 1.3 Hexes
 + Level 1.3 Summonings
 + Level 1.3 Necromancy
 + Level 1.3 Translocations
 + Level 1.3 Transmutations
 + Level 1.3 Fire Magic
 + Level 1.3 Ice Magic
 + Level 1.3 Air Magic
 + Level 1.3 Earth Magic
 + Level 1.3 Poison Magic
 + Level 1.9 Invocations
 + Level 1.7 Evocations


You had 8 spell levels left.
You didn't know any spells.
Your spell library was empty.

Dungeon Overview and Level Annotations

Branches:
Dungeon (3/15)

Altars:
Yredelemnul


Innate Abilities, Weirdness & Mutations

You have very sharp teeth.
Your uncanny sense of smell can sniff out nearby items.
Your experience applies equally to all skills.


Message History

The orc hits you but does no damage. The orc wizard barely misses you.
You hit the orc wizard.
The orc wizard is lightly wounded.
You feel very sick. The orc hits you but does no damage.
The orc wizard casts a spell at you. The magic dart hits you!
You hit the orc wizard.
The orc wizard is heavily wounded.
You feel sick. The orc barely misses you.
The orc wizard hits you with a +2 dagger of venom.
You are more poisoned.
You barely miss the orc wizard. Your bite misses the orc wizard.
The orc wizard is heavily wounded.
You feel very sick. The orc misses you.
The orc wizard hits you with a +2 dagger of venom.
You are more poisoned.
The orc hits you with a +0 flail.
The orc wizard hits you but does no damage.
You are lethally poisoned!
You barely miss the orc wizard.
You bite the orc wizard, but do no damage.
The orc wizard is heavily wounded.
* * * LOW HITPOINT WARNING * * *
You feel extremely sick. The orc barely misses you.
The orc wizard casts a spell at you.
The puff of flame is repelled.
The puff of flame hits the orc.
* * * LOW HITPOINT WARNING * * *
You feel very sick. The orc misses you.
* * * LOW HITPOINT WARNING * * *
You feel very sick.
* * * LOW HITPOINT WARNING * * *
You feel very sick.
Unknown command.
It was a potion of invisibility.
You fade into invisibility!
You die...

#.......# ###
#.......# # #.#
#.......##.# #.###
##..........
#{r.#####.......#
#o#.............#
#)#######.......# ##
### #<#
##....o#####....## ..
#.# ##...o@.......
..##.## #.#
###.#########.#.....##
#.# #...........
......> #.#
##..######## #...>.#
#.. #...# ###..## #..
#.#.## #.†...# ...
...#..# #.###.#
...####.######.# #.#
...## #..##....# #..##


You could see an orc wizard and an orc.

Vanquished Creatures
  2 orc priests (D:3)
  3 gnolls (D:3)
  4 adders
  2 adder zombies (D:3)
  A worm (D:2)
  2 dart slugs (D:1)
  9 orcs
  7 ball pythons
  3 bats
  5 endoplasms
  5 giant cockroaches
  8 goblins
  3 hobgoblins
  4 jackals (D:2)
  3 quokkas (D:2)
  2 frilled lizards
  8 kobolds
  A quokka zombie (D:3)
  4 rats
76 creatures vanquished.

Notes
Turn   | Place    | Note
-------+----------+-------------------------------------------
     0 | D:1      | MirrMurr the Gnoll Hunter began the quest for the Orb.
     0 | D:1      | Reached XP level 1. HP: 20/20 MP: 1/1
   150 | D:1      | Found a faded altar of an unknown god.
   419 | D:1      | Reached XP level 2. HP: 17/26 MP: 2/2
  1410 | D:2      | Reached XP level 3. HP: 24/31 MP: 3/3
  1731 | D:2      | Reached skill level 1 in Invocations
  1995 | D:2      | Reached skill level 1 in Short Blades
  1995 | D:2      | Reached skill level 1 in Long Blades
  1995 | D:2      | Reached skill level 1 in Axes
  1995 | D:2      | Reached skill level 1 in Maces & Flails
  1995 | D:2      | Reached skill level 1 in Polearms
  1995 | D:2      | Reached skill level 1 in Staves
  1995 | D:2      | Reached skill level 1 in Slings
  1995 | D:2      | Reached skill level 1 in Bows
  1995 | D:2      | Reached skill level 1 in Crossbows
  1995 | D:2      | Reached skill level 1 in Armour
  1995 | D:2      | Reached skill level 1 in Shields
  1995 | D:2      | Reached skill level 1 in Unarmed Combat
  1995 | D:2      | Reached skill level 1 in Spellcasting
  1995 | D:2      | Reached skill level 1 in Evocations
  2248 | D:2      | Reached XP level 4. HP: 34/38 MP: 5/5
  2976 | D:3      | Reached skill level 1 in Conjurations
  2976 | D:3      | Reached skill level 1 in Hexes
  2976 | D:3      | Reached skill level 1 in Summonings
  2976 | D:3      | Reached skill level 1 in Necromancy
  2976 | D:3      | Reached skill level 1 in Translocations
  2976 | D:3      | Reached skill level 1 in Transmutations
  2976 | D:3      | Reached skill level 1 in Fire Magic
  2976 | D:3      | Reached skill level 1 in Ice Magic
  2976 | D:3      | Reached skill level 1 in Air Magic
  2976 | D:3      | Reached skill level 1 in Earth Magic
  2976 | D:3      | Reached skill level 1 in Poison Magic
  3775 | D:3      | Found a basalt altar of Yredelemnul.
  3804 | D:3      | Reached XP level 5. HP: 40/43 MP: 6/6
  4223 | D:3      | Reached XP level 6. HP: 45/50 MP: 8/8
  4295 | D:3      | HP: 1/50 [poisoned by an orc wizard]
  4296 | D:3      | Succumbed to an orc wizard's poison

Illustrated notes

Levels and vault maps discovered:
D:1:      minmay_arrival_semitransparent, layout_basic,
          hellmonk_ecumenical_altar_crossroads, fountainhead,
          corexii_item_surrounded_by_moat, minivault_4
D:2:      layout_loops_ring, minmay_misc_feat_encased
D:3:      layout_rooms, nicolae_yredelemnul_corpse_copse

Skill      XL: |  1  2  3  4 |
---------------+-------------+-----
Invocations    | 1 |  1.9
Short Blades   | 1 |  1.7
Long Blades    | 1 |  1.7
Axes           | 1 |  1.7
Maces & Flails | 1 |  1.7
Polearms       | 1 |  1.7
Staves         | 1 |  1.7
Slings         | 1 |  1.7
Bows           | 1 |  1.7
Crossbows      | 1 |  1.7
Armour         | 1 |  1.7
Shields        | 1 |  1.7
Unarmed Combat | 1 |  1.7
Spellcasting   | 1 |  1.7
Evocations     | 1 |  1.7
Conjurations   | 1 |  1.3
Hexes          | 1 |  1.3
Summonings     | 1 |  1.3
Necromancy     | 1 |  1.3
Translocations | 1 |  1.3
Transmutations | 1 |  1.3
Fire Magic     | 1 |  1.3
Ice Magic      | 1 |  1.3
Air Magic      | 1 |  1.3
Earth Magic    | 1 |  1.3
Poison Magic   | 1 |  1.3
Fighting       | |  4.9
Throwing       | |  8.7
Dodging        | |  4.9
Stealth        | |  2.9

Action                   |  1- 3 |  4- 6 || total
-------------------------+-------+-------++-------
Melee: Short sword       |   170 |   127 ||   297
       Bite              |    12 |     8 ||    20
       Punch             |       |     2 ||     2
       Flail             |       |    12 ||    12
Throw: Javelin           |     1 |    10 ||    11
       Throwing net      |     1 |       ||     1
  Use: Potion            |       |     1 ||     1
 Stab: Sleeping          |     3 |     4 ||     7
Armor: Leather armour    |    39 |    36 ||    75
Dodge: Dodged            |   115 |    97 ||   212
       Repelled          |       |     1 ||     1

Table legend: (Time is in decaauts)
 A = Elapsed time spent in this place.
 B = Non-inter-level travel time spent in this place.
 C = Inter-level travel time spent in this place.
 D = Time resting spent in this place.
 E = Time spent auto-exploring this place.
 F = Levels seen in this place.
 G = Mean time per level.
                   A        B        C        D        E       F      G
               +--------+--------+--------+--------+--------+-----+--------+
         Total |   4324 |   4188 |    136 |    349 |   3058 |   3 | 1441.3 |
       Dungeon |   4324 |   4188 |    136 |    349 |   3058 |   3 | 1441.3 |
               +--------+--------+--------+--------+--------+-----+--------+

Top non-repeatable levels by time:
     D:2: 2048 daAuts
     D:1: 1436 daAuts
     D:3: 839 daAuts
